AoeStats
← colafantahunter

Nomad

508262213Analyzed
4v4 RM · 12d ago on Sep 21, 2026· 50m 10s· 8 players
Game mode
Random Map
Map size
231×231
Population
200
Speed
Normal
Resources
Standard
Victory
Conquest
Starting age
Dark Age
Ending age
Imperial Age
RankedLock teamsTeams togetherTeam positionsShared explorationLock speedFull tech treeHidden civsTurbo modeCheats
Victory
Defeat
🇩🇪 Mapuche · Germany
1047
+14
🇺🇸 Franks · United States
1014
+15
🇺🇸 Mongols · United States
1000
+16
🇨🇦 Japanese · Canada
979
+17
🇹🇼 Japanese · Taiwan
1062
-18
🇨🇳 Mongols · China
1046
-17
🇺🇸 Armenians · United States
968
-14
🇹🇼 Cumans · Taiwan
926
-13
tommy bobbins
9:48 Loom
14:10 Feudal Age
18:40 Castle Age
16:54 Double-Bit Axe
17:38 Horse Collar
19:55 Stone Mining
23:02 Fletching
24:03 Gold Mining
27:40 Bodkin Arrow
28:26 Bow Saw
30:26 Murder Holes
32:03 Ballistics
32:11 Heavy Plow
34:01 Wheelbarrow
39:41 Imperial Age
37:33 Padded Archer Armor
38:36 Gold Shaft Mining
38:36 Stone Shaft Mining
38:18 Husbandry
39:07 Bloodlines
40:27 Leather Archer Armor
40:48 Conscription
40:49 Elite Mangudai
44:50 Bracer
48:23 Chemistry
47:29 Siege Engineers
48:26 Hand Cart
49:37 Thumb Ring
Alaresun
8:19 Loom
13:58 Feudal Age
14:25 Double-Bit Axe
14:27 Fishing Lines
19:43 Castle Age
18:46 Forging
19:28 Scale Barding Armor
19:27 Gold Mining
20:39 Husbandry
21:02 Chain Barding Armor
21:39 Iron Casting
24:39 Wheelbarrow
26:05 Bow Saw
27:42 Hand Cart
27:41 Town Watch
33:55 Imperial Age
32:35 Fletching
33:05 Town Patrol
34:47 Gold Shaft Mining
33:59 Cavalier
36:21 Plate Barding Armor
38:07 Blast Furnace
37:31 Paladin
39:02 Scale Mail Armor
39:24 Conscription
39:04 Elite Throwing Axeman
40:01 Chain Mail Armor
40:39 #83
41:23 Plate Mail Armor
43:38 Siege Engineers
44:35 Chemistry
43:55 Ballistics
46:01 Bodkin Arrow
46:08 Squires
45:53 Arson
46:11 Chivalry
48:21 Stone Mining
thegladiator989
4:31 Loom
colafantahunter
15:15 Feudal Age
17:23 Double-Bit Axe
19:55 Castle Age
17:39 Horse Collar
19:11 Stone Mining
22:55 Stone Shaft Mining
22:42 Bow Saw
22:34 Fishing Lines
23:08 Heavy Plow
23:51 Wheelbarrow
27:54 Hand Cart
30:29 Gold Mining
31:47 Gold Shaft Mining
31:46 Fletching
31:58 Padded Archer Armor
33:30 Bodkin Arrow
33:51 Leather Archer Armor
38:12 Imperial Age
36:49 Ballistics
36:40 Masonry
36:40 Malon
36:35 Elite Skirmisher
37:40 Town Watch
37:40 Loom
39:09 Butalmapu
39:25 Conscription
38:29 Elite Bolas Rider
40:26 Ring Archer Armor
42:59 Chemistry
Red Death
6:20 Loom
13:37 Feudal Age
14:28 Man-at-Arms
15:26 Fishing Lines
17:45 Horse Collar
18:07 Double-Bit Axe
23:52 Castle Age
22:01 Long Swordsman
23:17 Gold Mining
23:40 Forging
24:05 Two-Handed Swordsman
24:54 Squires
25:10 Gillnets
26:01 Scale Mail Armor
29:20 Bow Saw
29:44 Arson
30:04 Gambesons
30:47 Padded Archer Armor
30:18 Champion
32:16 Gold Shaft Mining
32:19 Town Watch
33:09 Wheelbarrow
35:08 Hand Cart
37:11 Iron Casting
41:03 Imperial Age
43:10 Conscription
43:00 Fereters
45:51 Stone Mining
47:44 Pikeman
jerry80tim
12:05 Loom
14:19 Feudal Age
15:56 Wheelbarrow
18:37 Castle Age
17:06 Fishing Lines
18:22 Double-Bit Axe
19:34 Bow Saw
19:20 Gillnets
24:03 Hand Cart
24:26 Gold Mining
24:27 Stone Mining
26:24 Horse Collar
31:27 Thumb Ring
31:14 Fletching
31:24 Padded Archer Armor
32:25 Bodkin Arrow
36:36 Imperial Age
35:02 Leather Archer Armor
37:16 Gold Shaft Mining
36:46 Heavy Plow
36:41 Treadmill Crane
37:26 Ballistics
37:45 Conscription
37:54 Scale Mail Armor
38:33 Hoardings
38:52 Parthian Tactics
39:33 Bracer
39:51 Chain Mail Armor
39:47 Forging
40:52 Two-Man Saw
39:52 Heavy Cavalry Archer
41:49 Ring Archer Armor
42:58 Plate Mail Armor
43:04 Iron Casting
42:32 Squires
42:18 Arson
44:16 Scale Barding Armor
45:11 Masonry
45:08 Siege Engineers
s520s
3:36 Loom
5:18 Loom
13:03 Feudal Age
13:45 Horse Collar
13:56 Double-Bit Axe
14:18 Horse Collar
25:01 Castle Age
24:26 Forging
24:23 Scale Barding Armor
24:57 Wheelbarrow
25:56 Bloodlines
26:28 Gold Mining
26:42 Heavy Plow
42:20 Imperial Age
40:15 Hand Cart
39:46 Town Watch
41:10 Iron Casting
41:55 Chain Barding Armor
44:04 Blast Furnace
42:30 Cavalier
49:45 Paladin
9630791
5:43 Loom
13:54 Feudal Age
18:27 Castle Age
16:49 Double-Bit Axe
18:05 Bloodlines
22:07 Fletching
25:49 Bodkin Arrow
27:28 Wheelbarrow
28:21 Padded Archer Armor
29:13 Gold Mining
37:17 Imperial Age
35:15 Leather Archer Armor
35:48 Hand Cart
37:51 Bow Saw
38:07 Thumb Ring
38:18 Bracer
39:53 Chemistry
38:56 Heavy Camel Rider
Connection lost

Rejoining the realm…

Still unreachable

The connection could not be restored.

Session expired

The server has moved on; the page needs a fresh start.